 Dungeon Crawl Stone Soup version 0.20-a0-465-g6513c8f (webtiles) character file.

78 dobroeutro the Slasher (level 4, -3/35 HPs)
             Began as a Barachian Fighter on Jan 12, 2017.
             Slain by a white imp (4 damage)
             ... summoned by Natasha
             ... on level 2 of the Dungeon.
             The game lasted 00:02:14 (1435 turns).

dobroeutro the Slasher (Barachian Fighter)          Turns: 1435, Time: 00:02:15

Health: -3/35      AC:  6    Str: 15    XL:     4   Next: 36%
Magic:  4/4        EV:  6    Int:  6    God:
Gold:   23         SH:  8    Dex: 10    Spells: 3/3 levels left

rFire  . . .     SeeInvis .     a - +0 long sword
rCold  . . .     Gourm    .     b - +0 scale mail
rNeg   . . .     Faith    .     c - +0 shield
rPois  .         Spirit   .     (no helmet)
rElec  .         Reflect  .     (no cloak)
rCorr  .         Harm     .     (no gloves)
MR     .....                    (no boots)
Stlth  ..........               (no amulet)
                                (no ring)
                                (no ring)

@: slow
A: swims, slowness 1, strong legs 1
a: Hop


You were on level 2 of the Dungeon.
You were not hungry.

You visited 1 branch of the dungeon, and saw 2 of its levels.

You collected 23 gold pieces.

Inventory:

Hand Weapons
 a - a +0 long sword (weapon)
Armour
 b - a +0 scale mail (worn)
 c - a +0 shield (worn)
Scrolls
 e - a scroll of magic mapping {unknown}
 g - a scroll of amnesia {unknown}
 i - a scroll of identify {unknown}
Potions
 d - 2 potions of might
 h - a potion of berserk rage {unknown}
Comestibles
 f - 2 bread rations


   Skills:
 - Level 3.2 Fighting
 + Level 4.9 Long Blades
 - Level 3.2 Armour
 - Level 3.0 Shields


You had 3 spell levels left.
You didn't know any spells.

Dungeon Overview and Level Annotations

Branches:
Dungeon (2/15)

Altars:

Annotations:
D:2 Natasha


Innate Abilities, Weirdness & Mutations

You can swim through water.
You cover ground slowly.
You can hop short distances.


Message History

Natasha mumbles some strange words.
A hobgoblin comes into view. It is wielding a hand axe.
You closely miss Natasha.
Natasha is heavily wounded.
You feel yourself speed up.
The hobgoblin shouts!
The crimson imp disappears in a puff of smoke!
You block Natasha's attack. The white imp gestures at you.
The puff of frost hits you!
* * * LOW HITPOINT WARNING * * *
Natasha claws you.
* * * LOW HITPOINT WARNING * * *
All of the chunks of flesh in your inventory have rotted away.
You closely miss Natasha.
Natasha is heavily wounded.
The white imp hits you.
* * * LOW HITPOINT WARNING * * *
The white imp freezes you.
You die...

.....................
.....................
.....................
.......<.............
#.g###....##..#......
.....................
............[.......#
......h..............
.......@............#
......5.ยง.##.........
..####....##........#
#...............
#..............#
#...###.........
.......# #.....##.
####...# #......[
#.... .........


You could see Natasha, a white imp and a hobgoblin.

Vanquished Creatures
  Jessica (D:2)
  Natasha (D:2)
  A leopard gecko (D:2)
  A giant cockroach (D:1)
  4 goblins (D:1)
  9 hobgoblins (D:1)
  4 bats
  A frilled lizard (D:1)
  A kobold (D:1)
  3 rats
26 creatures vanquished.

Notes
Turn   | Place    | Note
-------+----------+-------------------------------------------
     0 | D:1      | dobroeutro the Barachian Fighter began the quest for the Orb.
     0 | D:1      | Reached XP level 1. HP: 18/18 MP: 1/1
   179 | D:1      | Reached XP level 2. HP: 23/24 MP: 2/2
   196 | D:1      | Reached skill level 3 in Long Blades
   961 | D:2      | Reached XP level 3. HP: 28/29 MP: 3/3
   965 | D:2      | Noticed Jessica
   986 | D:2      | Killed Jessica
   986 | D:2      | Reached skill level 4 in Long Blades
  1186 | D:2      | Noticed Natasha
  1200 | D:2      | Killed Natasha
  1200 | D:2      | Reached XP level 4. HP: 6/35 MP: 4/4
  1424 | D:2      | Noticed Natasha
  1435 | D:2      | HP: 1/35 [white imp[Natasha] (1)]
  1435 | D:2      | Slain by a white imp

Vault maps used:
D:1:      saegor_arrival_under_anarchy
D:2:      chequers_temple_overflow_statue_of_worship, first_bread, uniq_natasha,
          uniq_jessica

Skill      XL: |  1  2  3 |
---------------+----------+-----
Long Blades    | 3 4 |  4.9
Fighting       | |  3.2
Armour         | |  3.2
Shields        | |  3.0

Action                   |  1- 3 |  4- 6 || total
-------------------------+-------+-------++-------
Melee: Long sword        |   107 |     8 ||   115
 Abil: Hop               |     1 |       ||     1
  Eat: Chunk             |     2 |       ||     2
Armor: Scale mail        |    58 |     8 ||    66
Dodge: Dodged            |    28 |     3 ||    31
Block: Shield            |    53 |     6 ||    59
       Rpst.: Long sword |     8 |     3 ||    11
